 Dungeon Crawl Stone Soup version 0.17-a0-1500-gecf5ee4 (webtiles) character file.

85 Gobser the Charmwright (level 4, -3/29 HPs)
             Began as a High Elf Skald on July 7, 2015.
             Slain by Crazy Yiuf
             ... wielding a +4 quarterstaff of chaos
              (6 damage)
             ... on level 2 of the Dungeon.
             The game lasted 00:09:09 (1990 turns).

Gobser the Charmwright (High Elf Skald)             Turns: 1990, Time: 00:09:09

Health: -3/29      AC:  5    Str: 12    XL:     4   Next: 25%
Magic:  6/9        EV: 11    Int: 15    God:
Gold:   118        SH:  0    Dex: 15    Spells: 3 memorised, 4 levels left

rFire  . . .     SeeInvis .     a - +0 falchion
rCold  . . .     Clarity  .     b - +2 leather armour
rNeg   . . .     SustAt   .     (no shield)
rPois  .         Gourm    .     (no helmet)
rElec  .         Spirit   .     (no cloak)
rCorr  .         Warding  .     (no gloves)
rMut   .         Stasis   .     (no boots)
MR     .....                    (no amulet)
Stlth  ++........               (no ring)
                                e - ring of stealth

@: shrouded, drained, not resistant to hostile enchantments, unstealthy
A: no striking features
a: no special abilities


You were on level 2 of the Dungeon.
You were not hungry.

You visited 1 branch of the dungeon, and saw 2 of its levels.

You collected 118 gold pieces.

Inventory:

Hand weapons
 a - a +0 falchion (weapon)
Armour
 b - a +2 leather armour (worn)
Jewellery
 e - a ring of stealth (left hand)
Books
 c - a book of Battle

   Spells                             Type                      Level
   a - Infusion                       Charms                       1
   b - Shroud of Golubria             Charms/Translocation         2
   c - Song of Slaying                Charms                       2
   d - Spectral Weapon                Hexes/Charms                 3
   e - Regeneration                   Charms/Necromancy            3
Comestibles
 g - a meat ration


   Skills:
 + Level 2.2(1.9) Fighting
 + Level 2.8(2.6) Long Blades
 + Level 1.4(1.1) Armour
 + Level 1.4(1.2) Dodging
 + Level 0.8(0.6) Stealth
 + Level 3.2(3.0) Spellcasting
 + Level 4.4(4.1) Charms
 + Level 0.9(0.7) Translocations


You had 4 spell levels left.
You knew the following spells:

 Your Spells              Type           Power        Failure   Level  Hunger
a - Infusion              Chrm           ##....       6%          1    #......
b - Shroud of Golubria    Chrm/Tloc      #.........   17%         2    ##.....
c - Song of Slaying       Chrm           ##......     10%         2    ##.....


Dungeon Overview and Level Annotations

Branches:
Dungeon (2/15)

Altars:

Annotations:
D:2 Crazy Yiuf


Message History

* * * LOW HITPOINT WARNING * * *
You feel your power leaking away.
You closely miss Crazy Yiuf.
Crazy Yiuf is severely wounded.
Crazy Yiuf hits you with a quarterstaff of chaos.
* * * LOW HITPOINT WARNING * * *
You feel drained.
* * * LOW HITPOINT WARNING * * *
You hit Crazy Yiuf.
Crazy Yiuf is severely wounded.
Crazy Yiuf cries, "You leg down broken song, no?"
Crazy Yiuf closely misses you.
You closely miss Crazy Yiuf.
Crazy Yiuf is severely wounded.
Crazy Yiuf hits you but does no damage.
You hit Crazy Yiuf but do no damage.
Crazy Yiuf is severely wounded.
Crazy Yiuf says, "Prologue!
Race leg bag."
Crazy Yiuf hits you with a quarterstaff of chaos.
You die...

#......#........##.#.
####...#.#########.#.
#.'......#..........
#################.##
#.....+ ####.## #####
♣♣#####.## #)..#♣♣
♣..#.##.##
#.g@..♣♣♣♣♣.....#.##
#...#♣..♣.........##
#####♣♣♣.♣...#######
♣♣♣♣♣##


You could see Crazy Yiuf.

Vanquished Creatures
  Terence (D:2)
  Natasha (twice) (D:2)
  2 giant geckos (D:1)
  A ball python (D:1)
  3 bats (D:1)
  3 giant cockroaches
  4 goblins
  4 hobgoblins (D:1)
  2 kobolds
  2 rats
24 creatures vanquished.

Notes
Turn   | Place    | Note
--------------------------------------------------------------
     0 | D:1      | Gobser the High Elf Skald began the quest for the Orb.
     0 | D:1      | Reached XP level 1. HP: 14/14 MP: 4/4
   256 | D:1      | Reached skill level 4 in Charms
   256 | D:1      | Reached XP level 2. HP: 8/19 MP: 6/6
   262 | D:1      | Learned a level 2 spell: Shroud of Golubria
   265 | D:1      | Learned a level 2 spell: Song of Slaying
   417 | D:1      | Reached skill level 1 in Armour
  1111 | D:2      | Noticed Natasha
  1122 | D:2      | Killed Natasha
  1122 | D:2      | Reached XP level 3. HP: 16/24 MP: 5/8
  1329 | D:2      | Noticed Terence
  1353 | D:2      | Noticed Natasha
  1363 | D:2      | Killed Natasha
  1496 | D:2      | Killed Terence
  1496 | D:2      | Reached XP level 4. HP: 4/29 MP: 0/9
  1972 | D:2      | Noticed Crazy Yiuf
  1990 | D:2      | Slain by Crazy Yiuf

Vault maps used:
D:1:      erik_arrival_blinker_ship, bh_walls_and_bars
D:2:      lemuel_upstairs_altar, trog_butcher_becter, uniq_natasha,
          uniq_terence, uniq_crazy_yiuf_cottage

Action                   |  1- 3 |  4- 6 || total
-------------------------+-------+-------++-------
Melee: Falchion          |   105 |    13 ||   118
 Cast: Infusion          |     3 |       ||     3
       Shroud of Golubri |    15 |     1 ||    16
       Song of Slaying   |     1 |       ||     1
  Use: Scroll            |     7 |       ||     7
       Potion            |     3 |       ||     3
 Stab: Sleeping          |     5 |       ||     5
       Fleeing           |     1 |       ||     1
       Invisible         |     1 |       ||     1
  Eat: Bread ration      |     1 |       ||     1
